 Dungeon Crawl Stone Soup version 0.23-a0-650-ga4d50d4d25 (webtiles) character file.

9891 Fandomethor the Fighter (level 11, -1/102 HPs)
             Began as a Hill Orc Monk on Jan 7, 2019.
             Was a High Priest of Okawaru.
             Slain by a frost giant
             ... wielding a +0 battleaxe of freezing
              (6 damage)
             ... on level 12 of the Dungeon.
             The game lasted 00:21:47 (10595 turns).

Fandomethor the Fighter (Hill Orc Monk)            Turns: 10595, Time: 00:21:48

Health: -1/102     AC: 23    Str: 16    XL:     11   Next: 53%
Magic:  7/14       EV: 15    Int: 10    God:    Okawaru [*****.]
Gold:   476        SH:  0    Dex: 15    Spells: 10/10 levels left

rFire    + . .     SeeInvis .   I - +1 broad axe (elec)
rCold    + . .     Gourm    .   (no shield)
rNeg     . . .     Faith    .   v - +3 chain mail {rC+}
rPois    .         Spirit   .   j - +0 helmet
rElec    .         Reflect  .   y - +2 cloak
rCorr    .         Harm     .   (no gloves)
MR       .....                  l - +0 pair of boots
Stlth    ..........             E - amulet of rage
HPRegen  0.27/turn              p - ring of protection from fire
MPRegen  0.14/turn              B - +1 ring of evasion

@: heroism, finesse
A: no striking features
a: Heroism, Finesse, Renounce Religion, Evoke Berserk Rage


You were on level 12 of the Dungeon.
You worshipped Okawaru.
Okawaru was extremely pleased with you.
You were hungry.

You visited 2 branches of the dungeon, and saw 12 of its levels.
You also visited: Sewer.

You collected 476 gold pieces.

Inventory:

Hand Weapons
 b - a +0 whip of electrocution
 u - a +0 hand axe
 I - a +1 broad axe of electrocution (weapon)
Armour
 j - a +0 helmet (worn)
 l - a +0 pair of boots (worn)
 v - a +3 chain mail of cold resistance (worn)
 y - a +2 cloak (worn)
Jewellery
 p - a ring of protection from fire (left hand)
 B - a +1 ring of evasion (right hand)
 E - an amulet of rage (around neck)
 G - a +1 ring of slaying {unknown}
Wands
 q - a wand of polymorph (11)
 s - a wand of flame (17)
Scrolls
 d - 9 scrolls of remove curse
 f - 2 scrolls of amnesia
 g - a scroll of identify
 i - a scroll of teleportation
 m - a scroll of silence {unknown}
 n - 2 scrolls of magic mapping
 x - 2 scrolls of immolation {unknown}
 C - 2 scrolls of enchant armour {unknown}
 D - a scroll of blinking {unknown}
 H - a scroll of enchant weapon {unknown}
Potions
 a - 5 potions of curing
 e - 4 potions of flight
 h - a potion of lignification
 k - a potion of magic {unknown}
 o - 2 potions of heal wounds {unknown}
 r - 3 potions of agility {unknown}
 t - 2 potions of resistance {unknown}
 w - a potion of degeneration {unknown}
 z - a potion of brilliance {unknown}
 A - 3 potions of might
 F - a potion of haste {unknown}
Comestibles
 c - 21 rations


   Skills:
 + Level 11.3(16.3) Fighting
 + Level 10.8(15.8) Axes
 + Level 9.7(14.7) Armour
 + Level 8.0(13.0) Dodging
 - Level 1.5(6.5) Stealth
 - Level 5.1 Invocations


You had 10 spell levels left.
You didn't know any spells.
Your spell library contained the following spells:

 Spells                   Type           Power        Failure   Level  Hunger
 Animate Skeleton         Necr           N/A          96%         1    ##.....
 Beastly Appendage        Tmut           #.....       96%         1    ##.....
 Confusing Touch          Hex            #.....       96%         1    ##.....
 Pain                     Necr           #...         96%         1    ##.....
 Sticks to Snakes         Tmut           #.......     99%         2    ###....
 Confuse                  Hex            #.......     100%        3    ####...
 Gell's Gravitas          Tloc           #.........   100%        3    ####...
 Regeneration             Chrm/Necr      #.........   100%        3    ####...
 Spider Form              Tmut/Pois      #.........   100%        3    ####...
 Vampiric Draining        Necr           #.........   100%        3    ####...
 Animate Dead             Necr           N/A          100%        4    #####..
 Ice Form                 Ice/Tmut       #.......     100%        4    #####..
 Petrify                  Tmut/Erth      #.......     100%        4    #####..
 Blade Hands              Tmut           #.........   100%        5    ######.
 Metabolic Englaciation   Hex/Ice        #.........   100%        5    ######.
 Yara's Violent Unravell  Hex/Tmut       #.........   100%        5    ######.


Dungeon Overview and Level Annotations

Branches:
Dungeon (12/15)            Temple (1/1) D:7
   Lair: D:8-11         Orc: D:9-12

Altars:
Ashenzari
Cheibriados
Dithmenos
Elyvilon
Fedhas
Gozag
Hepliaklqana
Kikubaaqudgha
Makhleb
Nemelex Xobeh
Okawaru
Qazlal
Ru
Sif Muna
Trog
Uskayaw
Vehumet
Wu Jian
Xom
Yredelemnul
Zin
The Shining One

Shops:
D:6 (

Annotations:
D:8 exclusion: obsidian statue


Message History

You gain the combat prowess of a mighty hero.
You can now deal lightning-fast blows.
The frost giant hits you with a +0 battleaxe of freezing.
The frost giant freezes you.
Okay, then.
You fail to use your ability.
The frost giant hits you with a +0 battleaxe of freezing!
The frost giant freezes you.
You fail to use your ability.
The frost giant gestures at you while chanting.
The bolt of cold misses you.
Your chain mail prevents you from hitting the frost giant.
The frost giant is lightly wounded.
You hit the frost giant.
Lightning courses through the frost giant!
The frost giant is moderately wounded.
The frost giant hits you with a +0 battleaxe of freezing!!
* * * LOW HITPOINT WARNING * * *
The frost giant freezes you.
You die...

..## ##.#...# ..#
##..#...#..## ...##
##...#...#...##
....####....#...#....##
#....##.....#... .....##
#>..........##.# .......
#...........##'##.......
#..............C........
#..<.....##...).@.#####
##############...###..
...................<.#
######################


You could see a frost giant.

Vanquished Creatures
  2 two-headed ogres
  A skeletal warrior (D:12)
  2 ugly things (D:12)
  A kobold demonologist (D:11)
  2 hippogriffs (D:7)
  4 yaks
  A human (D:12)
  3 hogs (D:12)
  2 vampire mosquitoes (D:12)
  Duvessa (D:4)
  3 orc warriors
  A sky beast (D:9)
  2 phantoms
  A black bear (D:7)
  3 ice beasts
  5 ogres
  2 centaurs
  4 big kobolds
  3 bullfrogs
  A gnoll sergeant (D:5)
  Dowan (D:4)
  7 scorpions
  2 howler monkeys
  15 wights
  3 crimson imps
  3 centaur zombies
  A bullfrog skeleton (D:8)
  8 hounds
  Crazy Yiuf (D:5)
  11 orc priests
  11 orc wizards
  2 centaur skeletons
  Terence (D:2)
  2 iguanas
  5 worker ants
  A hound zombie (D:5)
  Robin (D:4)
  A howler monkey zombie (D:8)
  13 adders
  12 gnolls
  4 river rats
  6 shadow imps
  2 oozes
  2 adder skeletons
  4 worms (D:2)
  2 dart slugs
  5 leopard geckos
  30 orcs
  3 ball pythons
  6 bats
  7 giant cockroaches
  17 goblins
  8 hobgoblins
  8 jackals
  3 quokkas
  A jackal zombie (D:5)
  22 kobolds
  2 leopard gecko skeletons
  A quokka skeleton (D:5)
  9 rats
287 creatures vanquished.

Notes
Turn   | Place    | Note
-------+----------+-------------------------------------------
     0 | D:1      | Fandomethor the Hill Orc Monk began the quest for the Orb.
     0 | D:1      | Reached XP level 1. HP: 19/19 MP: 1/1
   130 | D:1      | Reached XP level 2. HP: 18/27 MP: 2/2
   306 | D:1      | Reached skill level 1 in Armour
   334 | D:1      | Reached skill level 4 in Fighting
   414 | D:1      | Reached XP level 3. HP: 32/33 MP: 3/3
   693 | D:2      | Noticed Terence
   695 | D:2      | Killed Terence
   695 | D:2      | Reached XP level 4. HP: 40/40 MP: 4/4
  1102 | D:2      | You fall through a shaft!
  1191 | D:3      | Found a glowing drain.
  1217 | D:3      | Reached XP level 5. HP: 44/47 MP: 5/5
  1237 | Sewer    | Entered a sewer
  1250 | Sewer    | Noticed a big kobold
  1277 | Sewer    | Killed a big kobold
  1277 | Sewer    | Reached skill level 5 in Fighting
  1302 | Sewer    | Found a white marble altar of Elyvilon.
  1360 | Sewer    | Reached XP level 6. HP: 42/56 MP: 6/6
  2240 | D:4      | Reached XP level 7. HP: 17/62 MP: 7/7
  2241 | D:4      | Reached skill level 6 in Fighting
  3432 | D:4      | Reached skill level 5 in Armour
  3432 | D:4      | Reached XP level 8. HP: 65/71 MP: 8/8
  3452 | D:4      | Reached skill level 7 in Fighting
  3515 | D:4      | Found a bloodstained altar of Trog.
  3740 | D:4      | Noticed Duvessa
  3740 | D:4      | Noticed Dowan
  3790 | D:4      | Killed Duvessa
  3790 | D:4      | Reached skill level 5 in Axes
  3790 | D:4      | Reached skill level 5 in Dodging
  3798 | D:4      | Killed Dowan
  3879 | D:4      | Noticed Robin
  3919 | D:4      | Killed Robin
  4332 | D:4      | Found an iron altar of Okawaru.
  4344 | D:4      | Became a worshipper of Warmaster Okawaru
  4344 | D:4      | Reached * piety under Okawaru
  4344 | D:4      | Reached ** piety under Okawaru
  4443 | D:5      | Entered Level 5 of the Dungeon
  4484 | D:5      | Reached skill level 1 in Invocations
  5077 | D:5      | Reached skill level 8 in Fighting
  5077 | D:5      | Reached XP level 9. HP: 68/81 MP: 8/10
  5190 | D:5      | Found a runed door.
  5292 | D:5      | Found a shadowy altar of Dithmenos.
  5293 | D:5      | Found a sparkling altar of Nemelex Xobeh.
  5309 | D:5      | Found a white marble altar of Elyvilon.
  5811 | D:5      | Noticed Crazy Yiuf
  5834 | D:5      | Killed Crazy Yiuf
  6072 | D:6      | Reached *** piety under Okawaru
  6343 | D:6      | Found Tagokea's Weapon Shop.
  6454 | D:6      | Found a hazy altar of Hepliaklqana.
  6551 | D:6      | Found an ornate altar of the Wu Jian Council.
  6868 | D:7      | Found a staircase to the Ecumenical Temple.
  6921 | Temple   | Entered the Ecumenical Temple
  7113 | D:7      | Reached skill level 9 in Fighting
  7155 | D:7      | Reached **** piety under Okawaru
  7155 | D:7      | Reached skill level 5 in Invocations
  7155 | D:7      | Reached XP level 10. HP: 65/91 MP: 13/13
  8143 | D:8      | Noticed a two-headed ogre
  8664 | D:8      | Noticed an obsidian statue
  8792 | D:8      | Killed a two-headed ogre
  8792 | D:8      | Reached ***** piety under Okawaru
  8792 | D:8      | Reached skill level 10 in Fighting
  9289 | D:9      | You fall through a shaft for 3 floors!
  9289 | D:12     | Noticed a frost giant
  9459 | D:12     | Noticed a two-headed ogre
  9479 | D:12     | Killed a two-headed ogre
  9491 | D:12     | Reached XP level 11. HP: 34/101 MP: 12/14
  9806 | D:11     | Reached skill level 10 in Axes
 10030 | D:11     | Identified the amulet "Aneqet" {Harm *Drain Dex+4 SInv
                  | Stlth+}
 10030 | D:11     | Noticed a fire giant
 10062 | D:12     | Noticed a brown ugly thing
 10092 | D:12     | Killed a brown ugly thing
 10114 | D:12     | Noticed a red ugly thing
 10143 | D:12     | Killed a red ugly thing
 10155 | D:12     | Received a gift from Okawaru
 10345 | D:12     | Reached skill level 11 in Fighting
 10548 | D:12     | Noticed a skeletal warrior
 10557 | D:12     | Killed a skeletal warrior
 10595 | D:12     | HP: 5/102 [frost giant/+0 battleaxe of freezing (32)]
 10595 | D:12     | Slain by a frost giant

Vault maps used:
D:1:      minmay_arrival_plants_in_alcoves
D:2:      minmay_inner_zag, uniq_jessica, uniq_terence
D:3:      cheibrodos_thug_alley, portal_sewer_entry_c,
          minmay_goblin_kobold_house
D:4:      nicolae_overflow_crystal_walls, bloody_trog, first_ration,
          serial_park_tiny_2, uniq_duvessa, uniq_robin
D:5:      gammafunk_temple_overflow_statue, basic_altar, uniq_crazy_yiuf_cottage
D:6:      minmay_chambers_of_sixes, kennysheep_mini, old_standard_altar,
          serial_shops, nicolae_shop_statue_plus
D:7:      minmay_temple_entry_statues_pillars
D:8:      minmay_statue_hallways
D:11:     minmay_complete_graph, wad_rectangle_vault, uniq_nergalle
D:12:     minmay_octo_star, grunt_livestock
Temple:   regret_index_temple_sphere_string
Sewer:    sewer_kobolds

Skill      XL: |  1  2  3  4  5  6  7  8  9 10 11 |
---------------+----------------------------------+-----
Armour         | 1 2 3 5 6 7 8 9 |  9.7
Fighting       | 4 5 6 8 9 10 11 | 11.3
Dodging        | 3 4 5 6 7 8 |  8.0
Axes           | 6 7 9 10 | 10.8
Invocations    | 2 5 |  5.1
Stealth        | |  1.5

Action                   |  1- 3 |  4- 6 |  7- 9 | 10-12 || total
-------------------------+-------+-------+-------+-------++-------
Melee: Hand axe          |    10 |       |       |       ||    10
       Whip              |    88 |   241 |   572 |   485 ||  1386
       Punch             |       |       |       |     5 ||     5
       Broad axe         |       |       |       |    60 ||    60
Invok: Heroism           |       |       |     1 |     7 ||     8
       Finesse           |       |       |       |     1 ||     1
 Abil: Evoke Berserk Rag |       |       |       |     1 ||     1
  Use: Scroll            |       |     3 |       |     5 ||     8
       Potion            |       |     1 |     3 |       ||     4
 Stab: Sleeping          |     1 |       |       |       ||     1
  Eat: Chunk             |       |     4 |    14 |    12 ||    30
       Ration            |       |       |     1 |       ||     1
Armor: Robe              |     1 |       |       |       ||     1
       Scale mail        |    34 |    25 |       |       ||    59
       Chain mail        |       |   126 |   323 |   251 ||   700
Dodge: Dodged            |    50 |   104 |   311 |   260 ||   725

Table legend:
 A = Non-vault XP
 B = Vault XP
 C = Vault XP percentage of total XP
 D = Non-vault monster count
 E = Vault monster count
 F = Vault count percentage of total count
                 A         B        C        D         E       F
            +---------+---------+-------+---------+---------+-------
      Total |   11236 |    2894 |  20.5 |     231 |      56 |  19.5
            +---------+---------+-------+---------+---------+-------
        D:1 |      49 |       0 |   0.0 |      26 |       0 |   0.0
        D:2 |      68 |      36 |  34.6 |      16 |       1 |   5.9
        D:3 |     249 |     257 |  50.8 |      14 |      18 |  56.2
        D:4 |     755 |     257 |  25.4 |      23 |      14 |  37.8
        D:5 |     684 |      41 |   5.7 |      27 |       1 |   3.6
        D:6 |     683 |     407 |  37.3 |      23 |       6 |  20.7
        D:7 |    1881 |       0 |   0.0 |      34 |       0 |   0.0
        D:8 |    2062 |       0 |   0.0 |      32 |       0 |   0.0
        D:9 |     555 |       0 |   0.0 |       9 |       0 |   0.0
       D:11 |    1095 |       0 |   0.0 |       6 |       0 |   0.0
       D:12 |    3155 |    1762 |  35.8 |      21 |       6 |  22.2
      Sewer |       0 |     134 | 100.0 |       0 |      10 | 100.0
            +---------+---------+-------+---------+---------+-------
